 Dungeon Crawl Stone Soup version 0.30.1-9-gdf580d7c3d (webtiles) character file.

Game seed: 8812062787732101624

1213812 Crehl the Imperceptible (level 24, 130/130 HPs)
             Began as a Spriggan Hunter on Oct 1, 2023.
             Was a High Priest of Okawaru.
             Escaped with the Orb
             ... and 3 runes on Oct 8, 2023!
             The game lasted 07:52:46 (131629 turns).

Crehl the Imperceptible (Spriggan Hunter)         Turns: 131629, Time: 07:52:47

Health: 130/130    AC: 23    Str: 14    XL:     24   Next: 28%
Magic:  52/52      EV: 32    Int: 17    God:    Okawaru [*****.]
Gold:   2680       SH:  0    Dex: 24    Spells: 29/51 levels left

rFire   + + +        K - +5 arbalest of Termination {speed, Str+4}
rCold   + . .        (shield currently unavailable)
rNeg    . . .        p - +8 fire dragon scales of the Flute {rF++ rC- Str+3}
rPois   +            r - +3 hat of Pondering {ponderous, Will+ MP+10 Int+5}
rElec   +            B - scarf {rC+ rF+}
rCorr   .            (gloves unavailable)
SInv    +            (boots unavailable)
Will    +++++        T - amulet of guardian spirit
Stlth   +++          W - ring of protection from cold
HPRegen 0.41/turn    x - ring "Lotayj" {rElec rPois Slay+4 Stlth+}
MPRegen 0.33/turn

%: guardian spirit
@: hasted, studying 3 skills, very quick
A: very small, no large weapons, unfitting armour, see invisible, speed 3,
antennae 1, weak 2, evolution 1, MP-powered wands, sturdy frame 1
0: Orb of Zot
}: 3/15 runes: decaying, serpentine, abyssal
a: Renounce Religion, Heroism, Finesse, Duel


You escaped.
You worshipped Okawaru.
Okawaru was extremely pleased with you.
You visited 11 branches of the dungeon, and saw 48 of its levels.
You visited the Abyss 1 time.
You also visited: Trove and Sewer.

You collected 7766 gold pieces.
You spent 5086 gold pieces at shops.

Inventory:

Hand Weapons
 K - the +5 arbalest of Termination (weapon) {speed, Str+4}
   (Okawaru gifted it to you on level 15 of the Dungeon)

   Str:       It affects your strength (+4).
Missiles
 g - 15 curare-tipped darts
 M - 2 throwing nets
Armour
 p - the +8 fire dragon scales of the Flute (worn) {rF++ rC- Str+3}
   (Okawaru gifted it to you on level 2 of the Depths)

   Str:       It affects your strength (+3).
   rF:        It greatly protects you from fire.
   rC:        It makes you vulnerable to cold.
 q - the +5 swamp dragon scales of Apathy {rElec rPois Str-5 Int+3}
   (Okawaru gifted it to you on level 3 of the Snake Pit)

   Str:       It affects your strength (-5).
   Int:       It affects your intelligence (+3).
   rElec:     It insulates you from electricity.
   rPois:     It protects you from poison.
 r - the +3 hat of Pondering (worn) {ponderous, Will+ MP+10 Int+5}
   (You found it in a treasure trove)

   Int:       It affects your intelligence (+5).
   MP:        It affects your magic capacity (+10).
   Will:      It increases your willpower.
 B - a scarf of resistance (worn)
 N - the +4 faerie dragon scales {rCorr Slay+3}
   (You took it off the Enchantress on level 4 of the Depths)

   Slay:      It affects your accuracy & damage with ranged weapons and melee
   (+3).
   rCorr:     It protects you from acid and corrosion.
Jewellery
 x - the ring "Lotayj" (right hand) {rElec rPois Slay+4 Stlth+}
   (You bought it in a shop on level 2 of the Snake Pit)

   [ring of slaying]

   Slay:      It affects your accuracy & damage with ranged weapons and melee
   (+4).
   rElec:     It insulates you from electricity.
   rPois:     It protects you from poison.
   Stlth:     It makes you more stealthy.
 y - the ring "Yhuicw" {rN+ MP+9}
   (You found it in a treasure trove)

   [ring of magical power]

   rN:        It protects you from negative energy.
   MP:        It affects your magic capacity (+9).
 A - the ring of the Hundredfold Stars {rElec Str+5 Int+4 Dex+6}
   (You found it in a treasure trove)

   [ring of dexterity]

   Str:       It affects your strength (+5).
   Int:       It affects your intelligence (+4).
   Dex:       It affects your dexterity (+6).
   rElec:     It insulates you from electricity.
 Q - the ring of Baoxu {Ice +Blink rElec Str-3 SInv}
   (You took it off Josephina on level 4 of the Realm of Zot)

   [ring of ice]

   It enhances your ice magic.
   Str:       It affects your strength (-3).
   rF:        It makes you vulnerable to fire.
   rC:        It protects you from cold.
   rElec:     It insulates you from electricity.
   SInv:      It lets you see invisible.
   +Blink:    It lets you blink.
 T - an amulet of guardian spirit (around neck)
 W - a ring of protection from cold (left hand)
Wands
 a - a wand of mindburst (40)
 h - a wand of polymorph (22)
 n - a wand of paralysis (58)
 u - a wand of iceblast (24)
 S - a wand of light (25)
 Y - a wand of digging (34)
 Z - a wand of flame (57)
Scrolls
 b - 8 scrolls of immolation
 c - a scroll of torment
 d - 9 scrolls of fog
 f - 22 scrolls of teleportation
 m - 3 scrolls of blinking
 F - 10 scrolls of poison
 G - 2 scrolls of fear
 H - 3 scrolls of magic mapping
 J - 9 scrolls of vulnerability
 O - 2 scrolls of amnesia
 P - a scroll of enchant armour
Potions
 e - 6 potions of brilliance
 j - 4 potions of invisibility
 k - 11 potions of curing
 l - 5 potions of magic
 s - 8 potions of ambrosia
 t - 6 potions of mutation
 v - 10 potions of lignification
 w - 6 potions of resistance
 z - 4 potions of might
 D - 9 potions of flight
 E - 4 potions of cancellation
 I - 6 potions of attraction
 X - a potion of haste
Miscellaneous
 i - a lightning rod (4/4)
 C - a phial of floods
 L - a tin of tremorstones (2/2)


   Skills:
 + Level 14.7 Fighting
 - Level 20.6 Ranged Weapons
 * Level 12.8 Armour
 - Level 20.0 Dodging
 - Level 22.0 Stealth
 + Level 14.0 Spellcasting
 + Level 5.9 Conjurations
 + Level 11.1 Ice Magic
 + Level 8.8 Air Magic
 - Level 7.3 Poison Magic
 + Level 18.2 Invocations
 - Level 15.0 Evocations


You had 29 spell levels left.
You knew the following spells:

 Your Spells              Type           Power      Damage    Failure   Level
a - Mephitic Cloud        Conj/Pois/Air  37%        N/A       1%          3
b - Olgreb's Toxic Radia  Pois           36%        N/A       6%          4
c - Passwall              Tmut/Erth      9%         N/A       21%         2
d - Ozocubu's Armour      Ice            49%        N/A       1%          3
e - Ensorcelled Hibernat  Hex/Ice        60%        N/A       1%          2
f - Swiftness             Air            41%        N/A       1%          3
g - Freezing Cloud        Conj/Ice/Air   20%        6-21      11%         5

Your spell library contained the following spells:

 Spells                   Type           Power      Damage    Failure   Level
 Freeze                   Ice            100%       1d10      1%          1
 Magic Dart               Conj           100%       1d8       1%          1
 Poisonous Vapours        Pois/Air       78%        N/A       1%          2
 Frozen Ramparts          Ice            98%        1d15      1%          3
 Hailstorm                Conj/Ice       41%        3d10      1%          3
 Cigotuvi's Dreadful Rot  Necr/Pois/Air  60%        N/A       2%          2
 Sting                    Tmut/Pois      96%        1d7       3%          1
 Foxfire                  Conj/Fire      88%        2x1d8     4%          1
 Dazzling Flash           Conj/Hex       44%        N/A       12%         3
 Stone Arrow              Conj/Erth      44%        3d9       12%         3
 Necrotise                Necr           44%        1d6       13%         1
 Sandblast                Erth           22%        2d7       13%         1
 Slow                     Hex            44%        N/A       13%         1
 Ice Form                 Ice/Tmut       30%        N/A       14%         4
 Lesser Beckoning         Tloc           22%        N/A       21%         2
 Confusing Touch          Hex            11%        N/A       36%         3
 Gell's Gravitas          Tloc           11%        N/A       36%         3
 Inner Flame              Hex/Fire       11%        N/A       36%         3
 Portal Projectile        Hex/Tloc       22%        N/A       36%         3
 Teleport Other           Tloc           11%        N/A       36%         3
 Vampiric Draining        Necr           11%        2d6       36%         3
 Volatile Blastmotes      Fire/Tloc      22%        2d11      36%         3
 Iskenderun's Mystic Bla  Conj/Tloc      22%        2d6       36%         4
 Sticky Flame             Conj/Fire      22%        2d4       36%         4
 Alistair's Intoxication  Tmut/Pois      16%        N/A       63%         5
 Ozocubu's Refrigeration  Ice            24%        4d12      75%         7
 Dispel Undead            Necr           11%        3d9       78%         4
 Agony                    Necr           11%        N/A       98%         5
 Blade Hands              Tmut           5%         N/A       98%         5
 Borgnjor's Vile Clutch   Necr/Erth      5%         N/A       98%         5
 Yara's Violent Unravell  Hex/Tmut       5%         3d4       98%         5
 Eringya's Noxious Bog    Tmut/Pois      12%        N/A       99%         6
 Iron Shot                Conj/Erth      11%        9d3       99%         6
 Starburst                Conj/Fire      11%        6d5       99%         6
 Dispersal                Tloc           5%         N/A       100%        6
 Enfeeble                 Hex            5%         N/A       100%        7
 Orb of Destruction       Conj           16%        9d7       100%        7
 Discord                  Hex            5%         N/A       100%        8
 Ignition                 Fire           5%         3d4       100%        8
 Chain Lightning          Conj/Air       18%        3d24      100%        9
 Fire Storm               Conj/Fire      11%        8d3       100%        9
 Shatter                  Erth           5%         3d8*      100%        9
 Call Imp                 Summ           Unusable   N/A       N/A         2
 Summon Guardian Golem    Hex/Summ       Unusable   N/A       N/A         3
 Tukima's Dance           Hex            Unusable   N/A       N/A         3
 Animate Armour           Summ/Erth      Unusable   N/A       N/A         4
 Simulacrum               Ice/Necr       Unusable   N/A       N/A         6
 Summon Forest            Summ/Tloc      Unusable   N/A       N/A         5
 Death Channel            Necr           Unusable   N/A       N/A         6
 Spellforged Servitor     Conj/Summ      Unusable   N/A       N/A         7

Dungeon Overview and Level Annotations

Branches:
Dungeon (15/15)            Temple (1/1) D:6            Lair (5/5) D:11
  Swamp (4/4) Lair:2        Snake (4/4) Lair:2        Slime (0/5) Lair:4
    Orc (2/2) D:11            Elf (3/3) Orc:2        Vaults (4/5) D:14
  Crypt (1/3) Vaults:2     Depths (4/4) D:15            Zot (5/5) Depths:4
  Sewer (visited)

Altars:
Ashenzari
Cheibriados
Dithmenos
Elyvilon
Fedhas
Gozag
Hepliaklqana
Kikubaaqudgha
Makhleb
Nemelex Xobeh
Okawaru
Qazlal
Ru
Sif Muna
Trog
Uskayaw
Vehumet
Wu Jian
Xom
Yredelemnul
Zin
The Shining One
Jiyva

Shops:
D:3 [   D:8 (   D:9 :   D:12 (   Orc:1 (   Orc:2 :*[(   Snake:2 ::=:
Vaults:1 :   Vaults:2 !   Vaults:3 ([*[=   Depths:1 *   Depths:3 *
Depths:4 *?

Portals:
Hell: Depths:1 Depths:2 Depths:3 Depths:4
Abyss: Depths:3
Pandemonium: Depths:1 Depths:2 Depths:3
Ziggurat: Depths:1

Annotations:
D:3 1 runed translucent door, Crazy Yiuf
D:12 1 runed translucent door
Lair:3 1 runed translucent door, Peloso's ghost, journeyman MiFi
Swamp:1 Jorgrun
Swamp:2 1 runed translucent door, Atelerd's ghost, adept OpEE
Swamp:3 exclusions: shambling mangrove and spriggan rider
Elf:2 3 runed translucent doors
Elf:3 3 exclusions
Vaults:1 exclusion: downstairs
Vaults:2 1 exclusion, Bai Suzhen; Jory; Mennas
Vaults:4 Sojobo


Innate Abilities, Weirdness & Mutations

You are very small and have problems with some larger weapons.
You are too small for most types of armour.
You have supernaturally acute eyesight. (SInv)
You cover ground extremely quickly. (Speed+++)
You have a pair of small antennae on your head.
You are very weak. (Str -4)
You have hidden genetic potential.
You expend magic power (3 MP) to strengthen your wands.
Your movements are slightly less encumbered by armour. (ER -2)


Message History

You see here a +0 halberd.
A Brimstone Fiend comes into view.
There is a stone staircase leading up here.
You climb upwards.
There is a stone staircase leading down here.
(D) Dungeon (T) Temple (L) Lair (S) Swamp (P) Snake Pit (M) Slime Pits (O) Orcish Mines (E) Elven Halls (V) Vaults (C) Crypt (U) Depths (H) Hell (Z) Zot
Where to? (Enter - D:1 @ (x,y), ? - help)
What level of the Dungeon? (default 1, ? - help)
You see here a +0 spear.
There is a stone staircase leading up here.
You climb upwards.
Level annotation: 1 runed translucent door, Crazy Yiuf
There is a stone staircase leading down here.
Things that are here:
a +2 leather armour of willpower; a +0 dagger A demonspawn black sun and a lorocyproca come into view.
The demonspawn black sun shouts!
The demonspawn black sun misses you.
There is a stone staircase leading up here.
The demonspawn black sun barely misses you.
You climb upwards.
There is a stone staircase leading down here.
(D) Dungeon (T) Temple (L) Lair (S) Swamp (P) Snake Pit (M) Slime Pits (O) Orcish Mines (E) Elven Halls (V) Vaults (C) Crypt (U) Depths (H) Hell (Z) Zot
Where to? (Enter - D:1 @ (x,y), ? - help)
What level of the Dungeon? (default 1, ? - help)
There is a stone staircase leading down here.
There is a stone staircase leading up here.
You climb upwards.
A Vituf and an ice devil come into view.
There is a stone staircase leading down here.
You feel yourself speed up.
There is an open door here.
There is a staircase leading out of the dungeon here.
You have escaped!

.............###'###........#..#.
.........##..#8...8#..##....#.(#.
...##...####.##.#.##.####........
...##....##..#8.#.8#..##....###.#
...##........##.#.##........# #.#
...##.########8...8########.###.#
...##.#8#8#8#8#...#8#8#8#8#.....#
....#.#...................#.#.###
......'.#####...@...#####.'...#
#####.#..)......).........#.###
#####.#8#8#8#8#...#8#8#8#8#.#
......########8...8########.#
###..........##.#.##........#
###......##..#8.#.8#..##....#
........####.##.#.##.####...#
#.#.#....##..#8...8#..##....#
....#........###+###........#


There were no monsters in sight!

Vanquished Creatures
  A dread lich (Zot:5)
  An ancient lich (Zot:5)
  3 orbs of fire
  3 juggernauts
  Josephina (Zot:4)
  6 Killer Klowns
  2 curse toes
  A profane servitor (Abyss:3)
  the Enchantress (Depths:4)
  3 golden dragons
  2 bone dragons (Depths:4)
  11 tentacled monstrosities
  6 electric golems
  Rupert (Snake:1)
  22 Orb Guardians
  2 deep elf blademasters (Abyss:3)
  3 liches
  4 quicksilver dragons
  A titan (Depths:2)
  3 acid blobs (Zot:2)
  8 death cobs
  2 tentacled starspawn (Abyss:3)
  Frances (Swamp:2)
  Kirke (D:13)
  6 shadow dragons
  2 sphinxes (Vaults:3)
  2 thorn hunters (Abyss:3)
  3 tengu reavers
  An azure jelly (Swamp:4)
  13 nagarajas
  10 storm dragons
  7 draconian monks
  8 draconian knights
  Donald (Elf:1)
  A fenstrider witch (Swamp:2)
  3 deep elf sorcerers
  Aizul (Snake:2)
  5 fire giants
  7 vault wardens
  3 ghost moths
  Louise (Elf:3)
  9 frost giants
  A balrug (Depths:2)
  A deep elf elementalist (Elf:2)
  9 draconian shifters
  9 draconian scorchers
  4 draconian stormcallers
  5 draconian annihilators
  2 juggernaut zombies (Depths:3)
  5 orc warlords
  The ghost of kalagan the Eclecticist, an adept DECj of Sif Muna (Elf:2)
  3 spriggan defenders
  9 very ugly things
  15 ironbound preservers
  3 vampire knights
  9 stone giants
  4 ironbound thunderhulks
  A deep elf demonologist (Elf:1)
  16 green draconians
  20 red draconians
  12 white draconians
  9 black draconians
  6 eleionomae
  25 yellow draconians
  3 spark wasps (Depths:2)
  12 dire elephants
  5 purple draconians
  Snorg (D:13)
  A blizzard demon (Zot:5)
  7 ettins
  7 fire dragons
  5 jiangshi
  8 yaktaur captains
  A merfolk javelineer (Depths:2)
  2 merfolk impalers (Depths:3)
  A shambling mangrove (Swamp:2)
  7 great orbs of eyes
  Harold (D:9)
  Erolcha (D:13)
  Fannar (D:11)
  14 hydras
  6 ice dragons
  A peacekeeper (Vaults:3)
  An ogre mage (D:15)
  3 rakshasas
  10 ironbound frosthearts
  A ghost crab (Swamp:4)
  2 catoblepae
  6 spriggan air magi
  13 vault guards
  3 salamander tyrants
  12 anacondas
  14 alligators
  10 two-headed ogres
  7 deep troll shamans
  7 centaur warriors
  19 naga warriors
  6 death yaks
  6 deep troll earth magi
  7 boulder beetles
  3 vampire magi
  7 tengu warriors
  3 orc high priests (Orc:2)
  14 naga sharpshooters
  18 dancing weapons
  A satyr (Abyss:3)
  4 spriggan berserkers
  4 shock serpents
  12 deep elf knights
  A titan zombie (Depths:3)
  2 skysharks
  Sonja (Orc:1)
  Amaemon (Lair:1)
  2 sixfirhies
  2 sea snakes (Snake:1)
  4 goliath frogs
  3 skeletal warriors (D:11)
  4 soul eaters
  3 salamander mystics
  9 iron trolls
  A flayed ghost (Depths:2)
  2 spriggan druids
  50 deep trolls
  A swamp dragon (Lair:5)
  3 glowing orange brains
  3 bog bodies (Swamp:1)
  A tengu zombie (Depths:3)
  7 deep elf archers
  6 naga ritualists (Snake:4)
  A harpy (shapeshifter) (Depths:4)
  4 wizards
  2 necromancers
  19 lindwurms
  6 orc sorcerers
  18 deep elf zephyrmancers
  6 mana vipers
  4 harpies (Vaults:4)
  10 orc knights
  Pikel (D:9)
  24 deep elf pyromancers
  9 ironbound convokers
  2 oklob plants (Zot:2)
  A manticore (shapeshifter) (Depths:1)
  6 will-o-the-wisps
  23 ugly things
  A stone giant skeleton (Vaults:4)
  3 worldbinders (Abyss:3)
  5 manticores
  An iron dragon zombie (Depths:3)
  A moth of wrath (shapeshifter) (Depths:1)
  23 moths of wrath
  3 cyclopes
  8 salamanders
  A guardian serpent (shapeshifter) (Elf:1)
  A rust devil (Depths:2)
  9 guardian serpents
  An elephant (shapeshifter) (Depths:1)
  A water nymph (shapeshifter) (Elf:2)
  A water nymph (Abyss:3)
  8 elephants
  25 black mambas
  2 gargoyles (D:12)
  14 vault sentinels
  A smoke demon (Depths:2)
  A torpor snail (Lair:5)
  15 naga magi
  An unseen horror (Abyss:3)
  An orange demon (Lair:2)
  13 cane toads
  13 yaktaurs
  2 efreet
  2 kobold demonologists (D:12)
  3 rime drakes (Lair:5)
  7 komodo dragons
  3 tengu conjurers
  A red devil (Depths:2)
  An ice devil (Depths:2)
  5 freezing wraiths
  A golden dragon simulacrum (Zot:4)
  An ancient zyme (Abyss:3)
  8 trolls
  8 meliai
  2 polar bears
  A queen bee (D:13)
  20 hornets
  4 tyrant leeches
  Grinder (D:4)
  15 blink frogs
  7 dream sheep
  A large abomination (Abyss:3)
  A jumping spider (shapeshifter) (D:13)
  15 slime creatures
  7 wraiths
  2 air elementals (Elf:2)
  4 vampires
  18 spriggans
  2 wyverns
  A ynoxinul (Abyss:3)
  A human (D:13)
  2 small abominations
  11 water elementals
  2 fire elementals (Elf:1)
  29 yaks
  2 chaos spawn (Depths:2)
  2 hogs (D:13)
  A hog (shapeshifter) (Elf:2)
  3 basilisks
  3 steam dragons
  A yellow draconian simulacrum (Zot:4)
  A red draconian simulacrum (Zot:4)
  6 vampire mosquitoes
  6 swamp worm simulacra (Swamp:4)
  2 wargs
  36 nagas
  13 swamp worms
  7 acid dragons
  10 water moccasins
  Duvessa (D:7)
  A floating eye (Depths:2)
  A swamp drake (Lair:5)
  16 hydra simulacra (Swamp:4)
  A moth of wrath simulacrum (Zot:4)
  39 orc warriors
  2 ice beasts
  A sky beast (D:8)
  A black bear (D:6)
  5 wolves
  A human skeleton (Vaults:4)
  12 ogres
  12 boggarts
  6 centaurs
  A lemure (D:9)
  A phantom (D:6)
  5 kobold brigands
  Blork the orc (D:4)
  2 gnoll sergeants
  3 earth elementals
  8 bullfrogs
  A scorpion (D:6)
  A human simulacrum (Vaults:4)
  Dowan (D:7)
  39 killer bees
  2 electric eels (Snake:1)
  The ghost of zen1337 the Conjurer, a weakling DsCj (D:3)
  3 howler monkeys (D:10)
  31 jellies
  4 hounds
  2 gnoll boudas
  29 orc priests
  Ijyb (D:3)
  4 iguanas (Lair:5)
  A sleepcap (D:5)
  33 orc wizards
  A hell rat (Sewer)
  13 gnolls
  4 river rats
  11 adders
  A shadow imp (D:8)
  13 white imps
  An ufetubus (D:3)
  2 swamp drake simulacra (Swamp:4)
  A worm (D:3)
  3 dart slugs
  73 orcs
  2 bats
  5 endoplasms
  4 giant cockroaches
  4 goblins
  3 hobgoblins
  3 jackals (D:2)
  4 quokkas
  5 ball pythons (D:1)
  4 frilled lizards
  21 kobolds
  13 rats
  A spectral goblin (D:10)
1759 creatures vanquished.

Vanquished Creatures (others)
  A large abomination (Abyss:2)
  A swamp dragon (Swamp:4)
  A black mamba (Snake:3)
  A small abomination (Abyss:2)
  6 foxfires
  2 starspawn tentacles (Abyss:2)
12 creatures vanquished.

Grand Total: 1771 creatures vanquished

Notes
Turn   | Place    | Note
-------+----------+-------------------------------------------
     0 | D:1      | Crehl the Spriggan Hunter began the quest for the Orb.
     0 | D:1      | Reached XP level 1. HP: 10/10 MP: 2/2
    29 | D:1      | Reached skill level 2 in Stealth
    29 | D:1      | Reached XP level 2. HP: 15/15 MP: 3/3
   452 | D:1      | Reached XP level 3. HP: 18/18 MP: 4/4
   894 | D:2      | Reached skill level 3 in Stealth
  1091 | D:3      | Found a transporter.
  1093 | D:3      | Reached XP level 4. HP: 23/23 MP: 5/5
  1096 | D:3      | Noticed an ogre
  1097 | D:3      | Noticed zen1337's ghost (weakling DsCj)
  1098 | D:3      | Identified the +10 great mace "Toavieh" {antimagic, rF+
                  | Str-3 Dex+3}
  1098 | D:3      | Noticed an ogre
  1099 | D:3      | Found a transporter.
  1099 | D:3      | Noticed an ogre
  1112 | D:3      | Noticed Ijyb
  1454 | D:3      | Found a glowing drain.
  1458 | Sewer    | Entered a sewer
  1465 | Sewer    | Reached skill level 5 in Ranged Weapons
  1465 | Sewer    | Reached XP level 5. HP: 27/27 MP: 6/6
  1888 | D:3      | Reached skill level 4 in Stealth
  1916 | D:3      | Found a runed translucent door.
  1917 | D:3      | Noticed Crazy Yiuf
  1968 | D:3      | Found Xeynic's Armour Emporium.
  2468 | D:3      | Killed Ijyb
  2700 | D:4      | Found a glowing silver altar of Zin.
  2702 | D:4      | Noticed Blork the orc
  2789 | D:4      | Killed Blork the orc
  2790 | D:4      | Reached XP level 6. HP: 31/32 MP: 7/7
  2903 | D:4      | Noticed Grinder
  3016 | D:4      | Found a shadowy altar of Dithmenos.
  3017 | D:4      | Found a sacrificial altar of Ru.
  3299 | D:5      | Entered Level 5 of the Dungeon
  3343 | D:5      | Noticed an ice beast
  3478 | D:5      | Reached skill level 5 in Stealth
  3951 | D:5      | Noticed a water moccasin
  3979 | D:5      | Reached skill level 5 in Dodging
  4427 | D:5      | Killed a water moccasin
  4428 | D:5      | Reached XP level 7. HP: 30/36 MP: 8/8
  5066 | D:6      | Found a staircase to the Ecumenical Temple.
  5078 | Temple   | Entered the Ecumenical Temple
  5283 | Temple   | Became a worshipper of Warmaster Okawaru
  5426 | D:6      | Reached skill level 6 in Stealth
  5665 | D:5      | Reached XP level 8. HP: 35/42 MP: 9/9
  5894 | D:6      | Noticed a manticore
  5898 | D:6      | Noticed a troll
  6201 | D:6      | Reached * piety under Okawaru
  6274 | D:6      | Reached skill level 7 in Stealth
  6581 | D:7      | Noticed Dowan
  6624 | D:7      | Killed Dowan
  6767 | D:7      | Found a sparkling altar of Nemelex Xobeh.
  6790 | D:7      | Noticed Duvessa
  7043 | D:7      | Killed Duvessa
  7392 | D:8      | Found a transporter.
  7399 | D:8      | Noticed a cyclops
  7423 | D:8      | Noticed a two-headed ogre
  7423 | D:8      | Noticed a meliai
  7424 | D:8      | Found a transporter.
  7468 | D:7      | Reached skill level 8 in Stealth
  7588 | D:8      | Noticed a meliai
  8016 | D:8      | Reached ** piety under Okawaru
  8106 | D:8      | Reached XP level 9. HP: 44/46 MP: 10/10
  8135 | D:8      | Found Unuaq's Weapon Emporium.
  8690 | D:9      | Noticed Harold
  8955 | D:9      | Noticed a two-headed ogre
  8983 | D:9      | Killed a two-headed ogre
  8984 | D:9      | Reached skill level 5 in Fighting
  8984 | D:9      | Reached skill level 9 in Stealth
  9201 | D:9      | Reached *** piety under Okawaru
  9633 | D:9      | Found Zimn's Book Shoppe.
  9656 | D:9      | Noticed Pikel
  9719 | D:9      | Killed Pikel
  9720 | D:9      | Reached skill level 10 in Ranged Weapons
  9720 | D:9      | Reached skill level 10 in Stealth
  9720 | D:9      | Reached skill level 1 in Invocations
  9720 | D:9      | Reached XP level 10. HP: 51/51 MP: 11/11
  9994 | D:9      | Found an opulent altar of Gozag.
 10020 | D:9      | Found a white marble altar of Elyvilon.
 10021 | D:9      | Found a broken altar of Ashenzari.
 10024 | D:9      | Found a burning altar of Makhleb.
 10047 | D:9      | Found an ornate altar of the Wu Jian Council.
 10515 | D:9      | Killed Harold
 10515 | D:9      | Reached **** piety under Okawaru
 10588 | D:10     | Entered Level 10 of the Dungeon
 10589 | D:10     | Noticed a boulder beetle
 10726 | D:10     | Noticed a lindwurm
 10729 | D:10     | Noticed a lindwurm
 10729 | D:10     | Noticed a lindwurm
 10804 | D:9      | Killed a boulder beetle
 10865 | D:10     | Noticed a two-headed ogre
 10909 | D:9      | Killed a two-headed ogre
 10910 | D:9      | Reached skill level 11 in Stealth
 10930 | D:10     | Noticed a lindwurm
 10957 | D:10     | Killed a lindwurm
 10973 | D:10     | Killed a lindwurm
 10973 | D:10     | Reached ***** piety under Okawaru
 10974 | D:10     | Reached skill level 10 in Dodging
 10984 | D:10     | Killed a lindwurm
 10985 | D:10     | Reached XP level 11. HP: 58/58 MP: 14/14
 11434 | D:10     | Found a blossoming altar of Fedhas.
 11483 | D:10     | Found a hazy altar of Hepliaklqana.
 11566 | D:10     | Identified the +8 whip of the Blind Eye {elec, Str+2}
 11627 | D:10     | Killed a lindwurm
 11955 | D:11     | Reached skill level 12 in Stealth
 12010 | D:11     | Found a shadowy altar of Dithmenos.
 12107 | D:11     | Found a staircase to the Orcish Mines.
 12146 | D:11     | Noticed a two-headed ogre
 12159 | D:11     | Killed a two-headed ogre
 12356 | D:11     | Noticed a death yak
 12393 | D:11     | Found a staircase to the Lair.
 12394 | D:11     | Noticed a death yak
 12394 | D:11     | Noticed Fannar
 12489 | D:11     | Noticed a death yak
 12825 | D:11     | Killed a death yak
 12825 | D:11     | Received a gift from Okawaru
 12889 | D:11     | Killed a death yak
 13633 | D:7      | Reached skill level 5 in Invocations
 14146 | D:4      | Killed Grinder
 14788 | Lair:1   | Entered Level 1 of the Lair of Beasts
 14876 | Lair:1   | Noticed a catoblepas
 15267 | Lair:1   | Identified the +0 robe of the Three Loafs {Str+4 Int-5
                  | Dex+4} (Okawaru gifted it to you on level 1 of the Lair of
                  | Beasts)
 15267 | Lair:1   | Received a gift from Okawaru
 15446 | Lair:1   | Reached skill level 13 in Stealth
 15496 | Lair:1   | Reached XP level 12. HP: 63/63 MP: 17/17
 16156 | Lair:1   | Killed a catoblepas
 16341 | Lair:2   | Noticed a seven-headed hydra
 16445 | Lair:1   | Killed a seven-headed hydra
 16629 | Lair:2   | Noticed Amaemon
 16862 | Lair:1   | Killed Amaemon
 17148 | Lair:2   | Reached ****** piety under Okawaru
 17451 | Lair:2   | Found a staircase to the Snake Pit.
 17725 | Lair:2   | Reached skill level 14 in Stealth
 17867 | Lair:2   | Found a staircase to the Swamp.
 18208 | Lair:3   | You fall into a shaft and drop 2 floors!
 18208 | Lair:5   | Entered Level 5 of the Lair of Beasts
 18208 | Lair:5   | Noticed a death yak
 18295 | Lair:4   | Received a gift from Okawaru
 18360 | Lair:3   | Noticed a six-headed hydra
 18392 | Lair:4   | Killed a six-headed hydra
 18711 | Lair:3   | Found a runed translucent door.
 18716 | Lair:3   | Noticed Peloso's ghost (journeyman MiFi)
 18732 | Lair:3   | Identified the +4 kite shield "Etauschas" {rN+ Regen+}
 18732 | Lair:3   | Noticed a boulder beetle
 18746 | Lair:3   | Killed a boulder beetle
 18747 | Lair:3   | Reached XP level 13. HP: 52/68 MP: 19/19
 19365 | Lair:4   | Received a gift from Okawaru
 19401 | Lair:4   | Found a viscous altar of Jiyva.
 19790 | Lair:4   | Found a staircase to the Slime Pits.
 20150 | Lair:5   | Reached skill level 15 in Stealth
 21223 | Lair:5   | Reached skill level 15 in Ranged Weapons
 21362 | Lair:5   | Received a gift from Okawaru
 21522 | Lair:5   | Reached skill level 1 in Evocations
 21929 | Lair:5   | Noticed a fire dragon
 22130 | Lair:5   | Killed a fire dragon
 22179 | Lair:5   | Reached XP level 14. HP: 75/75 MP: 21/21
 22709 | D:11     | Killed Fannar
 22879 | D:11     | Reached skill level 1 in Armour
 22906 | Orc:1    | Entered Level 1 of the Orcish Mines
 23089 | Orc:1    | Found Duritow's Firing Range.
 23224 | Orc:1    | Noticed Sonja
 23357 | Orc:1    | Killed Sonja
 23382 | Orc:1    | Reached skill level 16 in Stealth
 23763 | Orc:2    | Entered Level 2 of the Orcish Mines
 24274 | Orc:2    | Found a staircase to the Elven Halls.
 24629 | Orc:2    | Noticed an orc warlord
 24656 | Orc:2    | Killed an orc warlord
 25386 | Orc:1    | Identified the +1 robe of the Divine God {rPois Str+5 SInv}
                  | (Okawaru gifted it to you on level 1 of the Orcish Mines)
 25386 | Orc:1    | Received a gift from Okawaru
 25688 | Orc:2    | Found Oqurphyor's Antique Armour Shoppe.
 25689 | Orc:2    | Found Orhotol's Antique Weapon Shoppe.
 25691 | Orc:2    | Found Fuomaryo's General Store.
 25691 | Orc:2    | Found Zafis's Book Emporium.
 25707 | Orc:2    | Bought a wand of iceblast (4) for 144 gold pieces
 26206 | D:12     | Found Efipt's Weapon Boutique.
 27087 | D:12     | Found a runed translucent door.
 27093 | D:12     | Found a hide-covered altar of Uskayaw.
 27122 | D:12     | Found a portal to a secret trove of treasure.
 27349 | D:12     | Reached skill level 5 in Evocations
 28005 | D:13     | You fall into a shaft and drop 2 floors!
 28005 | D:15     | Entered Level 15 of the Dungeon
 28375 | D:15     | Reached XP level 15. HP: 80/80 MP: 23/23
 28686 | D:15     | Reached skill level 17 in Stealth
 28792 | D:15     | Identified the +5 arbalest of Termination {speed, Str+4}
                  | (Okawaru gifted it to you on level 15 of the Dungeon)
 28792 | D:15     | Received a gift from Okawaru
 29467 | D:15     | Found a staircase to the Depths.
 30267 | D:13     | Noticed Kirke
 30313 | D:13     | Killed Kirke
 30387 | D:13     | Noticed Erolcha
 30437 | D:13     | Noticed Snorg
 30474 | D:13     | Killed Snorg
 30523 | D:13     | Killed Erolcha
 30524 | D:13     | Reached skill level 10 in Fighting
 30524 | D:13     | Reached skill level 15 in Dodging
 30544 | D:13     | Received a gift from Okawaru
 30895 | D:13     | Identified a scroll of acquirement
 30896 | D:13     | Acquired a manual of Ranged Weapons
 31823 | D:14     | Found a gate to the Vaults.
 32617 | Snake:1  | Entered Level 1 of the Snake Pit
 32814 | Snake:1  | Noticed Rupert
 32851 | Snake:1  | Killed Rupert
 32852 | Snake:1  | Reached skill level 10 in Invocations
 33738 | Snake:1  | Identified the scarf "Ero Qior" {repulsion, MP+9} (Okawaru
                  | gifted it to you on level 1 of the Snake Pit)
 33738 | Snake:1  | Received a gift from Okawaru
 35735 | Snake:2  | Found a stormy altar of Qazlal.
 35736 | Snake:2  | Found Qietuwn's Book Shop.
 36504 | Snake:2  | Reached XP level 16. HP: 85/85 MP: 24/24
 36914 | Snake:2  | Reached skill level 18 in Stealth
 38449 | Snake:2  | Found Biaffet's Jewellery Boutique.
 38450 | Snake:2  | Found Leggo's Book Emporium.
 38450 | Snake:2  | Found Vasumani's Book Emporium.
 38585 | Snake:2  | Bought the ring "Lotayj" {rElec rPois Slay+4 Stlth+} for
                  | 1584 gold pieces
 39132 | Snake:3  | Noticed Aizul
 39180 | Snake:2  | Killed Aizul
 39725 | Snake:3  | Identified the ring of Compassion {*Slow Fly rF+ Str+2
                  | Dex+5}
 39797 | Snake:3  | Reached skill level 5 in Armour
 40111 | Snake:3  | Identified the +5 swamp dragon scales of Apathy {rElec
                  | rPois Str-5 Int+3} (Okawaru gifted it to you on level 3 of
                  | the Snake Pit)
 40111 | Snake:3  | Received a gift from Okawaru
 40906 | D:10     | Identified the staff of poison "Gebaimuuc" {rPois Will+}
 41483 | Swamp:1  | Entered Level 1 of the Swamp
 42670 | Swamp:1  | Noticed Jorgrun
 42854 | Swamp:1  | Paralysed by a hornet for 3 turns
 42857 | Swamp:1  | HP: 3/86 [hornet[a shambling mangrove] (14)]
 43941 | Swamp:2  | Noticed Frances
 44046 | Swamp:2  | Reached XP level 17. HP: 91/91 MP: 26/26
 44075 | Swamp:2  | Found a runed translucent door.
 44214 | Swamp:2  | Received a gift from Okawaru
 44215 | Swamp:2  | Noticed Atelerd's ghost (adept OpEE)
 44449 | Swamp:2  | Killed Frances
 45098 | Swamp:2  | Reached skill level 19 in Stealth
 46023 | D:15     | Acquired 1182 gold pieces
 46141 | Snake:4  | Entered Level 4 of the Snake Pit
 46851 | Snake:4  | Reached skill level 10 in Evocations
 49267 | Snake:4  | Reached skill level 1 in Spellcasting
 50365 | Snake:4  | Identified the +3 arbalest "Caikkua" {flame, rPois MP+9
                  | Str-3 Dex-4} (Okawaru gifted it to you on level 4 of the
                  | Snake Pit)
 50365 | Snake:4  | Received a gift from Okawaru
 51365 | Snake:4  | Got a serpentine rune of Zot
 52368 | Swamp:4  | Entered Level 4 of the Swamp
 53148 | Swamp:4  | Reached XP level 18. HP: 96/96 MP: 27/27
 54357 | Swamp:4  | Received a gift from Okawaru
 56148 | Swamp:4  | Got a decaying rune of Zot
 56428 | Elf:1    | Entered Level 1 of the Elven Halls
 56568 | Elf:1    | Found a radiant altar of Vehumet.
 56909 | Elf:1    | Reached skill level 20 in Stealth
 57622 | Elf:1    | Noticed Donald
 57735 | Elf:1    | Killed Donald
 58196 | Elf:1    | Received a gift from Okawaru
 58202 | Elf:1    | Gained mutation: You do not regenerate when monsters are
                  | visible. [a neqoxec]
 58719 | Elf:1    | Got the Directory of the Roasted Compass
 58739 | Elf:1    | Reached skill level 5 in Spellcasting
 60146 | Elf:2    | Identified the +1 buckler of Culyusk {Will+} (Okawaru
                  | gifted it to you on level 2 of the Elven Halls)
 60146 | Elf:2    | Received a gift from Okawaru
 61277 | Elf:2    | Found a runed translucent door.
 61282 | Elf:2    | Noticed kalagan's ghost (adept DECj)
 61359 | Elf:2    | Found a runed translucent gate.
 61359 | Elf:2    | Found a runed translucent gate.
 61359 | Elf:2    | Found a runed translucent gate.
 61556 | Elf:3    | Entered Level 3 of the Elven Halls
 61876 | Elf:3    | Noticed Louise
 61966 | Elf:3    | Killed Louise
 63151 | Vaults:1 | Entered Level 1 of the Vaults
 63301 | Vaults:1 | Reached skill level 1 in Poison Magic
 63313 | Vaults:1 | Reached skill level 1 in Air Magic
 63477 | Vaults:1 | Found Jiwadum's Book Emporium.
 64114 | Vaults:1 | Reached XP level 19. HP: 102/102 MP: 29/29
 64888 | Vaults:1 | Identified the +2 hat of the Game of Life {rElec Str+3}
                  | (Okawaru gifted it to you on level 1 of the Vaults)
 64888 | Vaults:1 | Received a gift from Okawaru
 65762 | Vaults:2 | Noticed Bai Suzhen
 66684 | Vaults:2 | Found a staircase to the Crypt.
 66817 | Vaults:2 | Found Farphis's Distillery.
 66829 | Vaults:2 | Bought 2 potions of haste for 300 gold pieces
 66829 | Vaults:2 | Bought a potion of heal wounds for 75 gold pieces
 66829 | Vaults:2 | Bought a potion of heal wounds for 75 gold pieces
 66983 | Vaults:2 | Noticed Mennas
 67323 | Arena    | Entered the Arena
 70643 | Vaults:3 | Found Wyduferu's Antique Armour Shop.
 70643 | Vaults:3 | Found Gimeh's Jewellery Emporium.
 70758 | Vaults:3 | Identified the +7 quarterstaff "Kopenei" {speed, Fly rElec
                  | rF+} (Okawaru gifted it to you on level 3 of the Vaults)
 70758 | Vaults:3 | Received a gift from Okawaru
 70828 | Vaults:3 | Found Yggoseu's Armour Emporium.
 70844 | Vaults:3 | Found Loxtyq's Assorted Antiques.
 71204 | Vaults:3 | Found Xovot's Antique Weapon Emporium.
 71252 | Vaults:2 | Reached XP level 20. HP: 81/107 MP: 33/33
 71373 | Vaults:3 | Reached skill level 21 in Stealth
 71682 | Vaults:2 | Noticed Jory
 72794 | Vaults:4 | Received a gift from Okawaru
 73067 | Vaults:4 | Learned a level 3 spell: Mephitic Cloud
 73124 | Vaults:4 | Identified the +0 robe "Elaowenk" {Str+4 Int+5} (Okawaru
                  | gifted it to you on level 4 of the Vaults)
 73124 | Vaults:4 | Received a gift from Okawaru
 73225 | Vaults:4 | Reached skill level 5 in Poison Magic
 73415 | Vaults:4 | Noticed Sojobo
 74979 | Depths:1 | Entered Level 1 of the Depths
 75090 | D:15     | Learned a level 4 spell: Olgreb's Toxic Radiance
 77216 | D:15     | Reached skill level 1 in Ice Magic
 77752 | Depths:2 | Noticed a juggernaut
 77752 | Depths:2 | Noticed a juggernaut
 77752 | Depths:2 | Found the +10 tower shield of Ignorance {rN+ Int-4}
 77752 | Depths:2 | Found the +3 robe of Clouds {*Thunder rCloud rElec}
 77768 | Depths:1 | Found Kuylej's Sacrilege Store.
 77768 | Depths:1 | Found a basalt altar of Yredelemnul.
 77853 | Depths:1 | Found a one-way gateway to a ziggurat.
 78446 | Depths:1 | Found a one-way gate leading to the halls of Pandemonium.
 78678 | Depths:1 | Found a gateway to Hell.
 79058 | Depths:1 | Killed a juggernaut
 79645 | Depths:1 | Received a gift from Okawaru
 80089 | Depths:1 | Killed a juggernaut
 80343 | Depths:2 | Identified the +1 plate armour "Ifurasch" {rF+}
 81656 | Depths:2 | Noticed a juggernaut
 81665 | Depths:2 | Killed a juggernaut
 81777 | Depths:2 | Identified the +2 robe of the Ant {*Slow rC+++ Int+9
                  | Slay-5}
 82447 | Depths:2 | Received a gift from Okawaru
 82448 | Depths:2 | Reached XP level 21. HP: 105/106 MP: 35/35
 82691 | Depths:2 | You fall into a shaft and drop 2 floors!
 82691 | Depths:4 | Entered Level 4 of the Depths
 82721 | Depths:4 | Reached skill level 10 in Spellcasting
 82831 | Depths:4 | Found Iete's Incredible Inventory.
 82836 | Depths:4 | Bought a manual of Invocations for 1040 gold pieces
 82836 | Depths:4 | Bought a manual of Ice Magic for 1040 gold pieces
 82892 | Depths:3 | Found Vuceryun's Changing Room.
 83205 | Depths:3 | Identified the +0 buckler of Reason {Harm}
 83752 | D:12     | You paid a toll of +4 storm dragon scales to enter a
                  | treasure trove
 83753 | Trove    | Entered a treasure trove
 83758 | Trove    | Found the +3 hat of Pondering {ponderous, Will+ MP+10
                  | Int+5}
 83766 | Trove    | Identified the amulet "Qoapo" {Acrobat Harm rPois Regen+
                  | Dex-2}
 83778 | Trove    | Identified the ring "Yhuicw" {rN+ MP+9}
 83780 | Trove    | Identified the ring of the Hundredfold Stars {rElec Str+5
                  | Int+4 Dex+6}
 84271 | D:3      | Killed zen1337's ghost
 84534 | D:8      | Learned a level 2 spell: Passwall
 85910 | Depths:2 | Identified the +8 fire dragon scales of the Flute {rF++ rC-
                  | Str+3} (Okawaru gifted it to you on level 2 of the Depths)
 85910 | Depths:2 | Received a gift from Okawaru
 86760 | Depths:2 | Reached skill level 22 in Stealth
 87867 | Depths:3 | Found a one-way gate to the infinite horrors of the Abyss.
 88214 | Depths:3 | Reached skill level 15 in Evocations
 88527 | Depths:3 | Reached skill level 5 in Ice Magic
 88649 | Depths:3 | Found an ancient bone altar of Kikubaaqudgha.
 89707 | Depths:4 | Reached skill level 15 in Invocations
 90803 | Depths:4 | Found a gate to the Realm of Zot.
 91030 | Depths:4 | Learned a level 3 spell: Ozocubu's Armour
 91034 | Depths:4 | Learned a level 2 spell: Ensorcelled Hibernation
 91093 | Depths:4 | Identified the +0 buckler of Nyxogiyn {Contam +Blink Int-2
                  | Stlth+} (Okawaru gifted it to you on level 4 of the Depths)
 91093 | Depths:4 | Received a gift from Okawaru
 91510 | Depths:4 | Reached skill level 5 in Air Magic
 91573 | Depths:4 | Noticed the Enchantress
 91856 | Depths:4 | Killed the Enchantress
 91857 | Depths:4 | Reached skill level 1 in Conjurations
 92432 | Depths:4 | Found Nourphij's Magic Scroll Boutique.
 92440 | Depths:4 | Bought a scroll of blinking for 120 gold pieces
 92440 | Depths:4 | Bought a scroll of magic mapping for 120 gold pieces
 93001 | Temple   | Learned a level 3 spell: Swiftness
 93280 | Depths:3 | Voluntarily entered the Abyss.
 93541 | Abyss:2  | Found a corrupted altar of Lugonu.
 93710 | Abyss:3  | Found a corrupted altar of Lugonu.
 93781 | Abyss:3  | Noticed a profane servitor
 93797 | Abyss:3  | Reached skill level 10 in Armour
 93908 | Abyss:3  | Reached XP level 22. HP: 89/119 MP: 38/38
 94018 | Abyss:3  | Got an abyssal rune of Zot
 94036 | Depths:3 | Escaped the Abyss
 94390 | Orc:2    | Bought a book of Vapours for 364 gold pieces
 94396 | Orc:2    | Learned a level 5 spell: Freezing Cloud
 94890 | Zot:1    | Entered Level 1 of the Realm of Zot
 96202 | Zot:1    | Identified the +1 great sword of the Teaching Madman
                  | {heavy, rC+ rCorr Int+3 Dex-4}
 96633 | Zot:1    | Received a gift from Okawaru
 97055 | Zot:1    | Noticed a golden dragon
 97106 | Zot:1    | Killed a golden dragon
 97226 | Zot:2    | Noticed a golden dragon
 97251 | Zot:1    | Killed a golden dragon
102076 | Zot:2    | Noticed a curse toe
102759 | Zot:2    | Killed a curse toe
108430 | Zot:2    | Reached XP level 23. HP: 119/124 MP: 40/40
111814 | Zot:3    | Received a gift from Okawaru
114721 | Zot:4    | Identified the ring of Baoxu {Ice +Blink rElec Str-3 SInv}
114721 | Zot:4    | Noticed Josephina
115772 | Zot:4    | Killed Josephina
116599 | Elf:2    | Killed kalagan's ghost
117161 | Depths:4 | Lost mutation: You do not regenerate when monsters are
                  | visible. [potion of mutation]
117161 | Depths:4 | Gained mutation: Your body sometimes deteriorates upon
                  | taking damage. [potion of mutation]
117161 | Depths:4 | Gained mutation: You are clumsy. (Dex -2) [potion of
                  | mutation]
117161 | Depths:4 | Gained mutation: You possess an exceptional clarity of
                  | mind. [potion of mutation]
117162 | Depths:4 | Lost mutation: You are clumsy. (Dex -2) [potion of
                  | mutation]
117162 | Depths:4 | Lost mutation: Your body sometimes deteriorates upon taking
                  | damage. [potion of mutation]
117162 | Depths:4 | Lost mutation: You possess an exceptional clarity of mind.
                  | [potion of mutation]
117162 | Depths:4 | Gained mutation: You are occasionally teleported next to
                  | monsters. [potion of mutation]
117162 | Depths:4 | Gained mutation: Your muscles are strong. (Str +4, Int/Dex
                  | -1) [potion of mutation]
117162 | Depths:4 | Gained mutation: Your mind is acute. (Int +4, Str/Dex -1)
                  | [potion of mutation]
117163 | Depths:4 | Lost mutation: Your mind is acute. (Int +4, Str/Dex -1)
                  | [potion of mutation]
117163 | Depths:4 | Lost mutation: You are occasionally teleported next to
                  | monsters. [potion of mutation]
117163 | Depths:4 | Lost mutation: Your muscles are strong. (Str +4, Int/Dex
                  | -1) [potion of mutation]
117163 | Depths:4 | Gained mutation: Your skin changes colour to match your
                  | surroundings (Stealth+). [potion of mutation]
117163 | Depths:4 | Gained mutation: Your system is resistant to poisons.
                  | (rPois) [potion of mutation]
117163 | Depths:4 | Gained mutation: You are somewhat resistant to further
                  | mutation. [potion of mutation]
117432 | Vaults:2 | Bought a potion of mutation for 120 gold pieces
117832 | Depths:3 | Bought a potion of mutation for 104 gold pieces
117995 | Zot:5    | Entered Level 5 of the Realm of Zot
118137 | Zot:5    | Noticed a Killer Klown
118192 | Zot:5    | Killed a Killer Klown
118593 | Zot:5    | Reached skill level 10 in Ice Magic
118754 | Zot:5    | Noticed a curse toe
118790 | Zot:5    | Killed a curse toe
119483 | Zot:5    | Reached skill level 5 in Conjurations
119905 | Zot:5    | Noticed an orb of fire
119922 | Zot:5    | Gained mutation: You expend magic power (3 MP) to
                  | strengthen your wands. [an orb of fire]
120121 | Zot:4    | Gained mutation: You are occasionally teleported next to
                  | monsters. [an orb of fire]
120126 | Zot:4    | Killed an orb of fire
120216 | Zot:4    | Lost mutation: Your skin changes colour to match your
                  | surroundings (Stealth+). [potion of mutation]
120216 | Zot:4    | Lost mutation: You are somewhat resistant to further
                  | mutation. [potion of mutation]
120216 | Zot:4    | Gained mutation: Your muscles are strong. (Str +4, Int/Dex
                  | -1) [potion of mutation]
120216 | Zot:4    | Gained mutation: You sometimes lose your temper in combat.
                  | [potion of mutation]
120216 | Zot:4    | Gained mutation: You have a pair of small horns on your
                  | head. [potion of mutation]
120217 | Zot:4    | Lost mutation: You have a pair of small horns on your head.
                  | [potion of mutation]
120217 | Zot:4    | Lost mutation: You are occasionally teleported next to
                  | monsters. [potion of mutation]
120217 | Zot:4    | Gained mutation: Your mind is acute. (Int +4, Str/Dex -1)
                  | [potion of mutation]
120217 | Zot:4    | Gained mutation: Your body sometimes deteriorates upon
                  | taking damage. [potion of mutation]
120217 | Zot:4    | Gained mutation: Your flesh is cold resistant. (rC+)
                  | [potion of mutation]
120218 | Zot:4    | Lost mutation: You expend magic power (3 MP) to strengthen
                  | your wands. [potion of mutation]
120218 | Zot:4    | Lost mutation: Your muscles are strong. (Str +4, Int/Dex
                  | -1) [potion of mutation]
120218 | Zot:4    | Lost mutation: Your system is resistant to poisons. (rPois)
                  | [potion of mutation]
120218 | Zot:4    | Gained mutation: You occasionally lose the ability to drink
                  | potions when taking damage. [potion of mutation]
120218 | Zot:4    | Lost mutation: You sometimes lose your temper in combat.
                  | [potion of mutation]
120219 | Zot:4    | Lost mutation: Your body sometimes deteriorates upon taking
                  | damage. [potion of mutation]
120219 | Zot:4    | Lost mutation: Your flesh is cold resistant. (rC+) [potion
                  | of mutation]
120219 | Zot:4    | Gained mutation: You are robust. (+10% HP) [potion of
                  | mutation]
120219 | Zot:4    | Gained mutation: You have a beak for a mouth. [potion of
                  | mutation]
120220 | Zot:4    | Lost mutation: You have a beak for a mouth. [potion of
                  | mutation]
120220 | Zot:4    | Lost mutation: Your mind is acute. (Int +4, Str/Dex -1)
                  | [potion of mutation]
120220 | Zot:4    | Gained mutation: You are partially covered in large bone
                  | plates. (SH +4) [potion of mutation]
120220 | Zot:4    | Gained mutation: Your body sometimes deteriorates upon
                  | taking damage. [potion of mutation]
120221 | Zot:4    | Lost mutation: Your body sometimes deteriorates upon taking
                  | damage. [potion of mutation]
120221 | Zot:4    | Lost mutation: You are partially covered in large bone
                  | plates. (SH +4) [potion of mutation]
120221 | Zot:4    | Lost mutation: You are robust. (+10% HP) [potion of
                  | mutation]
120221 | Zot:4    | Gained mutation: Your muscles are strong. (Str +4, Int/Dex
                  | -1) [potion of mutation]
120222 | Zot:4    | Lost mutation: You occasionally lose the ability to drink
                  | potions when taking damage. [potion of mutation]
120222 | Zot:4    | Lost mutation: Your muscles are strong. (Str +4, Int/Dex
                  | -1) [potion of mutation]
120222 | Zot:4    | Gained mutation: You have sharp toenails. [potion of
                  | mutation]
120222 | Zot:4    | Gained mutation: You have a pair of small antennae on your
                  | head. [potion of mutation]
123679 | Zot:5    | Noticed an ancient lich
123696 | Zot:5    | Killed an ancient lich
123740 | Zot:5    | Noticed a dread lich
124092 | Zot:5    | Noticed a Killer Klown
124116 | Zot:5    | Killed a Killer Klown
124199 | Zot:5    | Noticed an orb of fire
124200 | Zot:5    | Gained mutation: You are weak. (Str -2) [an orb of fire]
124203 | Zot:5    | Gained mutation: You are very weak. (Str -4) [an orb of
                  | fire]
124206 | Zot:5    | Gained mutation: You sometimes lose your temper in combat.
                  | [an orb of fire]
124215 | Zot:5    | Gained mutation: You occasionally lose the ability to read
                  | scrolls when taking damage. [an orb of fire]
124220 | Zot:5    | Gained mutation: You are dopey. (Int -2) [an orb of fire]
124223 | Zot:5    | Killed an orb of fire
124324 | Zot:4    | Lost mutation: You are dopey. (Int -2) [potion of mutation]
124324 | Zot:4    | Lost mutation: You sometimes lose your temper in combat.
                  | [potion of mutation]
124324 | Zot:4    | Gained mutation: You expend magic power (3 MP) to
                  | strengthen your wands. [potion of mutation]
124324 | Zot:4    | Gained mutation: You have hidden genetic potential. [potion
                  | of mutation]
124324 | Zot:4    | Gained mutation: Your spells are a little harder to cast,
                  | but a little more powerful. [potion of mutation]
124325 | Zot:4    | Lost mutation: Your spells are a little harder to cast, but
                  | a little more powerful. [potion of mutation]
124325 | Zot:4    | Lost mutation: You have sharp toenails. [potion of
                  | mutation]
124325 | Zot:4    | Lost mutation: You occasionally lose the ability to read
                  | scrolls when taking damage. [potion of mutation]
124325 | Zot:4    | Gained mutation: Your movements are slightly less
                  | encumbered by armour. (ER -2) [potion of mutation]
124325 | Zot:4    | Gained mutation: Your system is resistant to poisons.
                  | (rPois) [potion of mutation]
124620 | Zot:5    | Killed a dread lich
125839 | Zot:5    | Noticed a Killer Klown
125962 | Zot:4    | Killed a Killer Klown
125963 | Zot:4    | Reached XP level 24. HP: 72/130 MP: 31/41
126293 | Zot:5    | Noticed a Killer Klown
126324 | Zot:5    | Killed a Killer Klown
126788 | Zot:5    | Noticed a Killer Klown
126816 | Zot:5    | Killed a Killer Klown
127223 | Zot:5    | Noticed an orb of fire
127258 | Zot:4    | Lost mutation: Your system is resistant to poisons. (rPois)
                  | [an orb of fire]
127267 | Zot:4    | Killed an orb of fire
129607 | Zot:5    | Glimpsed the power of Zot.
130140 | Crypt:1  | Entered Level 1 of the Crypt
130883 | Zot:5    | Glimpsed the power of Zot.
130955 | Zot:5    | Noticed a Killer Klown
131029 | Zot:5    | Killed a Killer Klown
131041 | Zot:5    | Got the Orb of Zot
131105 | Zot:4    | Noticed Cyluaf the pandemonium lord
131429 | D:8      | Noticed Evin the pandemonium lord
131597 | D:1      | Noticed Vituf the pandemonium lord
131629 | D:$      | Escaped with the Orb!

Illustrated notes

Levels and vault maps discovered:
D:1:      heliophobic_arrival_ceremonial_halls, layout_loops_cross, minivault_26
D:2:      layout_rooms, serial_park_tiny_2, minmay_strange_pillars
D:3:      layout_basic, gammafunk_ghost_smash, gup_sewer_entry_spiral,
          serial_shops, nicolae_shop_pleasant_corner_grove,
          minmay_misc_feat_tower, serial_bayou_ford_a, kennysheep_nub,
          uniq_ijyb, uniq_crazy_yiuf_cottage
D:4:      layout_rooms, gammafunk_temple_overflow_pools, old_standard_altar,
          uniq_grinder, uniq_blork_the_orc
D:5:      layout_loops_ring, kennysheep_cross_bottleneck, grunt_decor_clamped
D:6:      layout_basic, minmay_temple_entry_stoned_glass,
          minmay_manual_monstrance
D:7:      layout_cave_pools, nemelex_spade_bored_becter, uniq_duvessa
D:8:      gammafunk_the_bubble [the_bubble_gammafunk_plus_minus],
          layout_loops_ring, serial_shops, shop
D:9:      layout_long_grid, bloody_makhleb, grunt_gozag_statues, minitemple,
          serial_shops, shop, uniq_pikel, uniq_harold
D:10:     layout_rooms, nicolae_hepliaklqana_monster_ancestors,
          kennysheep_mini_moat, minmay_lindwurm_lava
D:11:     layout_roguey, dpeg_lair_monsters, orc_0_dummy,
          nicolae_dithmenos_through_a_glass_darkly, uniq_fannar
D:12:     layout_layer_cave, portal_ice_cave_entry_imps,
          nicolae_trove_entry_diagonal, serial_shops,
          nicolae_shop_getting_attention, nicolae_danse_macabre
D:13:     layout_roguey [special_room_bee], uniq_kirke, uniq_erolcha, uniq_snorg
D:14:     layout_rooms, erik_vaults_2, grunt_decor_junction, serial_rivers,
          chequers_serial_rivers_micro_b, chequers_serial_rivers_large_a,
          chequers_serial_rivers_micro_b, chequers_serial_rivers_micro_a,
          chequers_serial_rivers_small_3
D:15:     grunt_enter_depths_hoard, layout_layer_cave,
          hangedman_abyss_or_decor_clamps
Temple:   chequers_temple_sunken
Lair:1:   layout_cave_pods, special_room, lemuel_fruit_tree
Lair:2:   layout_regular_city, minmay_swamp_entry_wisps,
          guppyfry_snake_entry_garden, chequers_serial_rivers_micro_c,
          chequers_serial_rivers_micro_d, st_stairs_4, beast_lair_carwin_4,
          uniq_amaemon
Lair:3:   layout_cave_shapes, ebering_ghost_reflecting_pool
Lair:4:   layout_hall_layers, nicolae_slime_entry_field_trip, enter_volcano_1
Lair:5:   hangedman_lair_in_review, layout_cave_pods, guppyfry_lair_end_dragon,
          lookout_lair_type, chequers_serial_rivers_marsh
Swamp:1:  layout_basic_swamp, serial_swamp_ruin, evilmike_swamp_ruin_house_5,
          hangedman_swamp_ruin_wall, infiniplex_staircase_pool, uniq_jorgrun
Swamp:2:  layout_basic_swamp, ebering_ghost_reflecting_pool,
          evilmike_swamp_ruin_house_2, uniq_frances
Swamp:3:  layout_falls_marsh, evilmike_swamp_ruin_house_4
Swamp:4:  swamp_icy, layout_basic_swamp, swamp_pool2,
          nicolae_swamp_alligator_family
Snake:1:  layout_honeycomb, serial_bayou_pond_a, serial_bayou_shore_a,
          uniq_rupert
Snake:2:  layout_grid_maze, basic_altar, serial_shops,
          nicolae_shop_getting_attention, minmay_shop_grove
Snake:3:  nicolae_snakescales, layout_basic, uniq_aizul
Snake:4:  grunt_snake_rune_spirals, layout_onion
Orc:1:    layout_diamond_mine, abandoned_shop, nicolae_shop_firing_range,
          uniq_sonja
Orc:2:    st_orc_congregation, layout_diamond_mine, basic_altar
Elf:1:    eino_elf_arrival_altar, layout_geoelf_octagon,
          hangedman_elven_crosses_minicolossus, uniq_donald
Elf:2:    nicolae_elf_blades_crystal_corner, layout_rooms, serial_shops,
          nicolae_shop_back_alley_shop, ebering_ghost_reflecting_pool
Elf:3:    grunt_elf_hall_branching, layout_loops_corners, uniq_louise
Vaults:1: vaults_mumra_chevron, nicolae_vaults_shrinking_rooms_1,
          nicolae_vaults_tetromino_T_2, nicolae_vaults_network_quinsquares
          [nicolae_vaults_network_quincunx_subvault,
          nicolae_vaults_network_quincunx_subvault,
          nicolae_vaults_network_quincunx_subvault,
          nicolae_vaults_network_quincunx_subvault], ontoclasm_vaults_gateway,
          nicolae_vaults_double_plus_1, v_rooms_3, nicolae_vaults_angled_halls,
          vaults_room_grunt_arrival_ludios, grunt_vaults_hallway_long,
          nicolae_vaults_closet_pinwheel_4, nicolae_vaults_specimen_jars,
          layout_vaults_omnibox, serial_shops, shop
Vaults:2: minmay_crypt_entry_vampire_xt, nicolae_vaults_circle_grid_b,
          ontoclasm_vaults_chip, serial_ice_h, ontoclasm_vaults_pinch,
          ontoclasm_vaults_claustrophobia, nicolae_vaults_storage_room_water,
          v_misc_13, nicolae_vaults_house_2, nicolae_vaults_two_Ls,
          nicolae_vaults_taking_the_gang_shopping, layout_vaults_ring,
          serial_shops, nicolae_shop_stone, uniq_jory, uniq_bai_suzhen,
          uniq_margery, uniq_mennas
Vaults:3: v_misc_17, v_misc_31, v_misc_33, nicolae_vaults_security_offices_1,
          nicolae_vaults_offset_grid_hallway_1, v_misc_25, grunt_vaults_twisty,
          nicolae_vaults_doubleplus_tesselated, nicolae_vaults_prndl,
          nicolae_vaults_oval_intersection, nicolae_vaults_turnstiles,
          hangedman_vaults_variations, ontoclasm_vaults_ring_small,
          nicolae_vaults_tetromino_T_2, layout_vaults_big_cross, serial_shops,
          shop_statue, nicolae_shop_peninsula, shop, nicolae_shop_dealshenge,
          nicolae_shop_competitors_out_of_business
Vaults:4: nicolae_vaults_tetromino_Z_2, vaults_mumra_minichess,
          nicolae_vaults_lopsided_apartments, nicolae_vaults_network_barrier,
          ontoclasm_vaults_eye, v_alt_pattern_3, ontoclasm_vaults_shuriken,
          nicolae_vaults_house_1, nicolae_vaults_mini_display_case,
          layout_vaults_quadrants, uniq_sojobo
Crypt:1:  layout_misc_corridors, minivault_14, grunt_megastairs_3, uniq_khufu,
          uniq_vv, uniq_grunn
Depths:1: layout_big_octagon, enter_ziggurat_a, grunt_hell_entry_dis_old,
          rand_demon_pan_entry_4, roderic_lattice_a, nicolae_evil_shop
Depths:2: minmay_ambush_box, layout_gridlike, chequers_serial_rivers_micro_e,
          grunt_pan_entry_sceptre, pf_coc_iceberg, drop_trap,
          infiniplex_staircase_pool_2, serial_bayou_shore_b
Depths:3: kennysheep_spiral_hall, layout_cave_pools,
          minmay_staircase_windowed_small, hangedman_geh_valley,
          abyss_entry_crystal, pan_entry, nicolae_transmutations_shop,
          nicolae_kikubaaqudgha_miasma_corner
Depths:4: grunt_crosshair, layout_basic, hangedman_decor_points, hell_entry,
          serial_shops, shop, nicolae_alphabet_shops,
          serial_sigils_hangedman_gut, uniq_enchantress
Zot:1:    layout_concentric_octagons
Zot:2:    lemuel_acid_trip, layout_concentric_octagons
Zot:3:    layout_misc_corridors
Zot:4:    layout_basic, uniq_josephina
Zot:5:    layout_gridlike, lemuel_flame_loot_1

Skill      XL: |  1  2  3  4  5  6  7  8  9 10 11 12 13 14 15 16 17 18 19 20 21 22 23 24 |
---------------+-------------------------------------------------------------------------+-----
Dodging        | 3 4 5 6 7 8 10 11 12 13 14 15 16 17 18 19 20 | 20.0
Stealth        | 2 3 4 5 6 8 10 11 13 14 15 16 17 18 19 20 21 22 | 22.0
Fighting       | 2 3 4 5 6 7 8 9 10 11 12 13 14 | 14.7
Ranged Weapons | 5 6 7 8 10 11 12 13 15 16 17 19 20 | 20.6
Invocations    | 1 3 5 7 8 9 10 11 12 13 15 16 17 18 | 18.2
Evocations     | 1 5 7 9 11 12 13 14 15 | 15.0
Armour         | 3 4 5 6 7 8 10 11 12 | 12.8
Spellcasting   | 3 6 8 9 11 12 13 14 | 14.0
Poison Magic   | 1 4 6 7 |  7.3
Air Magic      | 1 4 5 7 8 |  8.8
Ice Magic      | 2 6 8 10 11 | 11.1
Conjurations   | 1 3 5 |  5.9

Action                     |  1- 3 |  4- 6 |  7- 9 | 10-12 | 13-15 | 16-18 | 19-21 | 22-24 || total
---------------------------+-------+-------+-------+-------+-------+-------+-------+-------++-------
  Melee: Unarmed           |       |    10 |       |       |       |       |       |       ||    10
   Fire: Shortbow          |    95 |   185 |   286 |   797 |       |       |       |       ||  1363
         Arbalest          |       |       |       |    59 |  1605 |  1728 |  2450 |  2293 ||  8135
   Cast: Mephitic Cloud    |       |       |       |       |       |       |    28 |    14 ||    42
         Olgreb's Toxic Ra |       |       |       |       |       |       |     7 |       ||     7
         Ozocubu's Armour  |       |       |       |       |       |       |     2 |     1 ||     3
 Invoke: Heroism           |       |       |       |       |       |     1 |     5 |    10 ||    16
         Finesse           |       |       |       |       |       |       |     6 |     8 ||    14
         Duel              |       |       |       |       |       |       |     1 |       ||     1
  Evoke: Wand              |       |       |       |     1 |       |       |       |       ||     1
         Lightning rod     |       |       |       |       |       |     4 |     4 |     4 ||    12
         Tin of tremorston |       |       |       |       |       |       |       |     2 ||     2
         Phial of floods   |       |       |       |       |       |       |       |     1 ||     1
    Use: Scroll            |       |     2 |    10 |    13 |     7 |    15 |     9 |     8 ||    64
         Potion            |       |       |     1 |     6 |     8 |     4 |     7 |    21 ||    47
   Stab: Confused          |       |     1 |       |       |       |       |       |       ||     1
 Armour: Robe              |     2 |     1 |     2 |     2 |       |    11 |     6 |       ||    24
         Troll leather arm |       |       |       |     7 |    19 |       |       |       ||    26
         Swamp dragon scal |       |       |       |       |       |       |    19 |       ||    19
         Fire dragon scale |       |       |       |       |       |       |    50 |   162 ||   212
         Acid dragon scale |       |       |       |       |       |       |     5 |    11 ||    16
  Dodge: Dodged            |    19 |    56 |    49 |   265 |   610 |   313 |   566 |   845 ||  2723
